 Dungeon Crawl Stone Soup version 0.31-a0-152-g6aa68a64a1 (webtiles) character file.

Game seed: 7045113251342862

2431 rddays123 the Skirmisher (level 9, -1/54 HPs)
             Began as a Kobold Hunter on June 10, 2023.
             Was a Follower of Okawaru.
             Slain by a hornet (6 damage)
             ... on level 7 of the Dungeon.
             The game lasted 00:19:12 (7597 turns).

rddays123 the Skirmisher (Kobold Hunter)            Turns: 7597, Time: 00:19:13

Health: -1/54      AC: 10    Str:  9    XL:     9   Next: 77%
Magic:  9/9        EV: 34    Int: 10    God:    Okawaru [*.....]
Gold:   511        SH:  0    Dex: 22    Spells: 8/8 levels left

rFire   . . .        E - +0 orcbow
rCold   . . .        (shield currently unavailable)
rNeg    . . .        H - +0 steam dragon scales
rPois   .            (no helmet)
rElec   .            L - +0 cloak
rCorr   +            f - +0 pair of gloves
SInv    .            s - +2 pair of boots {rampage}
Will    .....        m - amulet of the acrobat
Stlth   +++++        o - ring of resist corrosion
HPRegen 0.29/turn    (no ring)
MPRegen 0.11/turn

%: acrobat, rampage
@: about to teleport, acrobatic, slowed, very slow
A: small, no large weapons, nightstalker 3
a: Renounce Religion, Heroism


You were on level 7 of the Dungeon.
You worshipped Okawaru.
Okawaru was aware of your devotion.
You visited 1 branch of the dungeon, and saw 8 of its levels.

You collected 511 gold pieces.

Inventory:

Hand Weapons
 a - a +0 shortbow
 E - a +0 orcbow (weapon)
Missiles
 I - 2 throwing nets
Armour
 c - a +0 leather armour
 f - a +0 pair of gloves (worn)
 s - a +2 pair of boots of rampaging (worn)
 t - a +3 leather armour
 C - a scarf of invisibility
 H - +0 steam dragon scales (worn)
 K - a +2 robe of cold resistance
 L - a +0 cloak (worn)
Jewellery
 m - an amulet of the acrobat (around neck)
 o - a ring of resist corrosion (left hand)
 x - a ring of ice
 B - a ring of fire
 G - a ring of see invisible
Wands
 u - a wand of flame (5)
 M - a wand of digging (8)
Scrolls
 b - a scroll of butterflies
 d - 2 scrolls of teleportation
 g - 3 scrolls of amnesia {unknown}
 h - 4 scrolls of noise {unknown}
 i - a scroll of enchant weapon {unknown}
 n - 2 scrolls of magic mapping {unknown}
 r - 3 scrolls of fear {unknown}
 w - 2 scrolls of blinking {unknown}
 y - 6 scrolls of identify {unknown}
Potions
 j - 2 potions of brilliance {unknown}
 k - a potion of cancellation {unknown}
 l - 2 potions of resistance {unknown}
 p - 2 potions of degeneration {unknown}
 q - 2 potions of mutation {unknown}
 v - 3 potions of heal wounds {unknown}
 z - a potion of lignification {unknown}
 A - a potion of invisibility {unknown}
 D - a potion of might {unknown}
 F - a potion of enlightenment {unknown}
 J - a potion of ambrosia {unknown}


   Skills:
 - Level 5.4 Fighting
 + Level 13.3 Ranged Weapons
 - Level 6.1 Dodging
 - Level 6.7 Stealth


You had 8 spell levels left.
You didn't know any spells.
Your spell library contained the following spells:

 Spells                   Type           Power      Damage    Failure   Level
 Sandblast                Erth           0%         2d4       36%         1
 Passwall                 Tmut/Erth      0%         N/A       50%         2
 Dazzling Flash           Conj/Hex       0%         N/A       75%         3
 Stone Arrow              Conj/Erth      0%         3d7       75%         3
 Volatile Blastmotes      Fire/Tloc      0%         2d10      75%         3
 Fulminant Prism          Conj/Hex       0%         3d5       98%         4
 Iskenderun's Mystic Bla  Conj/Tloc      0%         2d3       98%         4
 Passage of Golubria      Tloc           0%         N/A       98%         4
 Lee's Rapid Deconstruct  Erth           0%         3d4*      100%        5
 Yara's Violent Unravell  Hex/Tmut       0%         3d3       100%        5
 Starburst                Conj/Fire      0%         6d3       100%        6
 Tukima's Dance           Hex            Unusable   N/A       N/A         3

Dungeon Overview and Level Annotations

Branches:
Dungeon (8/15)             Temple (0/1) D:7
   Lair: D:8-11

Altars:
Okawaru
Sif Muna
Trog
Uskayaw
Xom
The Shining One

Shops:
D:2 !=:*   D:3 *


Innate Abilities, Weirdness & Mutations

You are small and have problems with some larger weapons.
You are completely attuned to the shadows.


Message History

The killer bee stings you. The killer bee barely misses you.
The killer bee attacks as you move away!
The killer bee completely misses you. The hornet attacks as you move away!
The hornet completely misses you. The killer bee completely misses you.
The hornet completely misses you. The hornet attacks as you move away!
The hornet barely misses you. The hornet attacks as you move away!
The hornet completely misses you. The hornet attacks as you move away!
The hornet completely misses you.
The killer bee attacks as you move away!
The killer bee misses you.
An orc wizard appears from thin air!
Reactivating autopickup.
The killer bee misses you. The hornet misses you.
There is a stone staircase leading up here.
The killer bee misses you. The hornet closely misses you.
The killer bee stings you but does no damage.
You climb upwards.
There is a stone staircase leading down here.
Fire: E) +0 orcbow
Press: ? - help, Shift-Dir - straight line, f - killer bee
Aim: a killer bee (42% to hit)
You shoot an arrow. The arrow misses the killer bee.
The killer bee stings you but does no damage.
The hornet stings you.
You suddenly lose the ability to move!
The killer bee completely misses you. The hornet stings you!
You feel yourself slow down. The killer bee stings you.
* * * LOW HITPOINT WARNING * * *
The hornet stings you!
* * * LOW HITPOINT WARNING * * *
You feel as though you will be slow longer.
The killer bee stings you.
* * * LOW HITPOINT WARNING * * *
You can move again.
As you read the scroll labelled XULOLA VOCIN, it crumbles to dust.
You feel strangely unstable.
It was a scroll of teleportation.
The killer bee barely misses you. The hornet barely misses you.
The killer bee misses you. The hornet closely misses you.
The killer bee closely misses you. The killer bee misses you.
The killer bee completely misses you. The hornet stings you.
You die...

###########...## ##...##
##............## ##.##
#<.########...# #.#####
......# #...# #.....# ##..#.#
###'## #####.# ##.#..#
##...## ###.##### #..##.#
##.....## ###.......# #.#...#
##......y## ##.#.#.###)#
#.....###......y@.####....#.#
#)#
.#......'.........'.......#.#
#.#
###...###.........####......#
#)# # ##.## ##.......##
##.#.### #.# ###..#
###.....### #.#.#####.#
.#.#.# #.†.......#
#.#.......# #.##.#
#.###+###.# #.#########
####.# #)# #.# #.# #.#
#.####)###.###.#####.#


You could see a hornet and a killer bee.

Vanquished Creatures
  A troll (D:8)
  A steam dragon (D:7)
  An acid dragon (D:8)
  2 water moccasins (D:6)
  A black bear (D:7)
  An ogre (D:4)
  2 centaurs
  A kobold brigand (D:6)
  2 bullfrogs
  2 scorpions
  A killer bee (D:8)
  A howler monkey (D:5)
  3 jellies
  7 orc priests
  A hound (D:4)
  2 gnoll boudas
  2 sleepcaps
  An iguana (D:5)
  Terence (D:3)
  9 orc wizards
  10 gnolls
  3 adders
  3 shadow imps
  A white imp (D:6)
  An ufetubus (D:4)
  A worm (D:3)
  2 dart slugs
  45 orcs
  8 endoplasms
  6 giant cockroaches
  9 goblins
  13 hobgoblins
  11 kobolds
  4 quokkas
  4 ball pythons
  9 bats
  4 frilled lizards
  5 rats
181 creatures vanquished.

Notes
Turn   | Place    | Note
-------+----------+-------------------------------------------
     0 | D:1      | rddays123 the Kobold Hunter began the quest for the Orb.
     0 | D:1      | Reached XP level 1. HP: 12/12 MP: 1/1
   107 | D:1      | Reached XP level 2. HP: 18/18 MP: 2/2
   398 | D:1      | Reached XP level 3. HP: 22/22 MP: 3/3
   588 | D:1      | Found a faded altar of an unknown god.
  1022 | D:2      | Reached XP level 4. HP: 27/27 MP: 4/4
  1031 | D:2      | Found Nuethiocw's Book Shoppe.
  1284 | D:2      | Found Luammum's Distillery.
  1338 | D:2      | Found Orchiasha's Jewellery Boutique.
  1418 | D:2      | Found Hero's General Store.
  1550 | D:2      | Reached skill level 6 in Ranged Weapons
  1686 | D:3      | Reached XP level 5. HP: 25/32 MP: 5/5
  1995 | D:3      | Reached XP level 6. HP: 37/37 MP: 6/6
  2097 | D:3      | Found Plog's General Store.
  2171 | D:3      | Noticed Terence
  2193 | D:3      | Killed Terence
  3139 | D:3      | Reached XP level 7. HP: 24/43 MP: 7/7
  3166 | D:3      | Reached skill level 5 in Stealth
  3284 | D:4      | Reached skill level 7 in Ranged Weapons
  3613 | D:4      | Found a shimmering blue altar of Sif Muna.
  3700 | D:5      | Entered Level 5 of the Dungeon
  3837 | D:4      | Reached skill level 5 in Dodging
  4448 | D:5      | Reached XP level 8. HP: 33/48 MP: 8/8
  4596 | D:5      | Reached skill level 5 in Fighting
  4932 | D:6      | Reached skill level 8 in Ranged Weapons
  5207 | D:6      | Found a bloodstained altar of Trog.
  5288 | D:6      | Reached skill level 9 in Ranged Weapons
  5305 | D:6      | Found an iron altar of Okawaru.
  5321 | D:6      | Became a worshipper of Warmaster Okawaru
  5948 | D:7      | Found a staircase to the Ecumenical Temple.
  5994 | D:7      | Reached skill level 10 in Ranged Weapons
  6003 | D:7      | Reached XP level 9. HP: 47/54 MP: 9/9
  6017 | D:7      | Reached skill level 11 in Ranged Weapons
  6159 | D:7      | Found a hide-covered altar of Uskayaw.
  6391 | D:7      | Found a shimmering altar of Xom.
  6391 | D:7      | Found a shimmering altar of Xom.
  6391 | D:7      | Found a shimmering altar of Xom.
  6488 | D:7      | Found a shimmering altar of Xom.
  6970 | D:7      | Reached skill level 12 in Ranged Weapons
  7026 | D:8      | Noticed a troll
  7041 | D:8      | Killed a troll
  7041 | D:8      | Reached * piety under Okawaru
  7161 | D:8      | Reached skill level 13 in Ranged Weapons
  7339 | D:8      | Found a glowing golden altar of the Shining One.
  7566 | D:8      | Noticed a hornet
  7571 | D:8      | Paralysed by a hornet for 1 turns
  7594 | D:7      | Paralysed by a hornet for 1 turns
  7597 | D:7      | Slain by a hornet

Illustrated notes

Levels and vault maps discovered:
D:1:      dpeg_arrival_boxorama, layout_basic,
          shapermc_ecumenical_altar_mp_vishouse
D:2:      layout_rooms, serial_shops, nicolae_shop_gaudy_bauble, shop, shop,
          shop
D:3:      layout_basic, serial_shops, shop, uniq_terence
D:4:      layout_cave_pools, nicolae_sif_muna_little_library
D:5:      layout_rooms, serial_aquarium, aquarium_bridge_square
          [aquarium_subvault_balcony, aquarium_subvault_window,
          aquarium_subvault_bridge, aquarium_subvault_bridge],
          aquarium_bridge_long_separate [aquarium_subvault_bridge,
          aquarium_subvault_balcony, aquarium_subvault_bridge,
          aquarium_subvault_bridge, aquarium_subvault_balcony,
          aquarium_subvault_window], aquarium_window_1, aquarium_window_2,
          aquarium_window_2, aquarium_view_2e
D:6:      layout_basic, mainiacjoe_overflow_small_starburst,
          mainiacjoe_overflow_paths, sigmund_army
D:7:      layout_loops_corners, mainiacjoe_overflow_cross_hatched,
          xom_shifter_show, temple_statues, kennysheep_another_room
D:8:      layout_gridville, nicolae_overflow_crystal_walls,
          nicolae_tso_swordbearing_angel, grunt_lair_entry_orc_guard_hut,
          wad_mini_maze

Skill      XL: |  1  2  3  4  5  6  7  8  9 |
---------------+----------------------------+-----
Stealth        | 2 3 4 5 6 |  6.7
Dodging        | 3 4 5 6 |  6.1
Fighting       | 3 4 5 |  5.4
Ranged Weapons | 6 7 10 13 | 13.3

Action                     |  1- 3 |  4- 6 |  7- 9 || total
---------------------------+-------+-------+-------++-------
  Melee: Shortbow          |       |     7 |     2 ||     9
   Fire: Shortbow          |    85 |   208 |   183 ||   476
         Orcbow            |       |       |   177 ||   177
    Use: Potion            |       |     1 |     1 ||     2
         Scroll            |       |       |     1 ||     1
 Armour: Leather armour    |    10 |    68 |    87 ||   165
         Steam dragon scal |       |       |    30 ||    30
  Dodge: Dodged            |    36 |   152 |   345 ||   533

Table legend: (Time is in decaauts)
 A = Elapsed time spent in this place.
 B = Non-inter-level travel time spent in this place.
 C = Inter-level travel time spent in this place.
 D = Time resting spent in this place.
 E = Time spent auto-exploring this place.
 F = Levels seen in this place.
 G = Mean time per level.
                   A        B        C        D        E       F      G
               +--------+--------+--------+--------+--------+-----+--------+
         Total |   7664 |   7442 |    222 |   1093 |   4736 |   8 |  958.0 |
       Dungeon |   7664 |   7442 |    222 |   1093 |   4736 |   8 |  958.0 |
               +--------+--------+--------+--------+--------+-----+--------+

Top non-repeatable levels by time:
     D:3: 1491 daAuts
     D:7: 1067 daAuts
     D:4: 1043 daAuts
     D:5: 960 daAuts
     D:1: 923 daAuts
     D:6: 896 daAuts
     D:2: 704 daAuts
     D:8: 577 daAuts
